 Dungeon Crawl Stone Soup version 0.29.1-15-g9cfb28693d (webtiles) character file.

Game seed: 2797072937039883737

2207 DroidAssault the Sneak (level 9, -3/43 HPs)
             Began as a Vine Stalker Enchanter on Apr 29, 2023.
             Was a Priest of Lugonu.
             Slain by a killer bee (6 damage)
             ... on level 8 of the Dungeon.
             The game lasted 00:28:46 (7117 turns).

DroidAssault the Sneak (Vine Stalker Enchanter)     Turns: 7117, Time: 00:28:47

Health: -3/43      AC:  2    Str: 14    XL:     9   Next: 34%
Magic:  0/25       EV: 13    Int: 23    God:    Lugonu [***...]
Gold:   474        SH:  0    Dex: 23    Spells: 3/16 levels left

rFire   + . .      SeeInvis .   s - +4 long sword of the End {flame, *Noise Int+6 Dex+9}
rCold   . . .      Faith    .   (no shield)
rNeg    . . .      Spirit   +   z - +0 leather armour {rF+}
rPois   .          Reflect  .   (no helmet)
rElec   .          Harm     .   m - +2 cloak
rCorr   .          Rampage  .   (no gloves)
Will    +....                   (no boots)
Stlth   ++++......              (no amulet)
HPRegen 0.94/turn               n - ring of magical power
MPRegen 0.19/turn               (no ring)

@: about to teleport, corroded, invisible
A: fangs 3, regeneration 1, magic shield, antimagic bite, no potion heal 2
a: Renounce Religion, Depart the Abyss, Bend Space, Banish


You were on level 8 of the Dungeon.
You worshipped Lugonu.
Lugonu was most pleased with you.
You visited 1 branch of the dungeon, and saw 8 of its levels.
You also visited: Bailey.

You collected 474 gold pieces.

Inventory:

Hand Weapons
 a - a +2 dagger of chaos
 s - the +4 long sword of the End (weapon) {flame, *Noise Int+6 Dex+9}
   (You took it off an orc warrior in a bailey)

   It burns those it strikes, dealing additional fire damage.
   Big, fiery blades are also staple armaments of hydra-hunters.
   Int:       It affects your intelligence (+6).
   Dex:       It affects your dexterity (+9).
   *Noise:    It may make noises in combat.
Missiles
 v - a throwing net
Armour
 b - a +0 robe
 l - the +4 scale mail of the Nightingale {rF- rN+ MP+9 Int+3}
   (You found it on level 4 of the Dungeon)

   Int:       It affects your intelligence (+3).
   rF:        It makes you vulnerable to fire.
   rN:        It protects you from negative energy.
   MP:        It affects your magic capacity (+9).
 m - a +2 cloak (worn)
 z - a +0 leather armour of fire resistance (worn)
Jewellery
 n - a ring of magical power (left hand)
Wands
 p - a wand of iceblast (5)
 y - a wand of paralysis (6)
Scrolls
 e - 2 scrolls of magic mapping
 g - 3 scrolls of torment
 i - a scroll of vulnerability
 u - a scroll of teleportation
 w - a scroll of amnesia
 x - a scroll of enchant armour
Potions
 d - 4 potions of lignification {unknown}
 f - 2 potions of haste {unknown}
 h - a potion of cancellation {unknown}
 j - a potion of brilliance {unknown}
 k - 2 potions of degeneration {unknown}
 o - 2 potions of flight {unknown}
 q - 3 potions of curing {unknown}
 r - a potion of ambrosia {unknown}
 t - 3 potions of mutation {unknown}


   Skills:
 * Level 2.6 Fighting
 * Level 3.2 Short Blades
 * Level 1.2 Throwing
 * Level 2.6 Armour
 * Level 2.8 Dodging
 * Level 7.2 Stealth
 * Level 4.4 Spellcasting
 * Level 2.1 Conjurations
 * Level 4.6 Hexes
 * Level 2.2 Transmutations
 * Level 2.6 Ice Magic
 * Level 2.1 Earth Magic
 * Level 2.9 Invocations
 * Level 2.4 Evocations


You had 3 spell levels left.
You knew the following spells:

 Your Spells              Type           Power      Damage    Failure   Level
a - Ensorcelled Hibernat  Hex/Ice        44%        N/A       4%          2
b - Tukima's Dance        Hex            26%        N/A       5%          3
c - Stone Arrow           Conj/Erth      28%        3d8       16%         3
d - Wereblood             Tmut           15%        N/A       8%          2
e - Frozen Ramparts       Ice            34%        1d6       12%         3

Your spell library contained the following spells:

 Spells                   Type           Power      Damage    Failure   Level
 Beastly Appendage        Tmut           30%        N/A       4%          1
 Freeze                   Ice            68%        1d8       4%          1
 Sandblast                Erth           28%        2d8       5%          1
 Confusing Touch          Hex            26%        N/A       5%          3
 Passwall                 Tmut/Erth      12%        N/A       8%          2
 Dazzling Flash           Conj/Hex       40%        N/A       9%          3
 Apportation              Tloc           10%        N/A       12%         1
 Necrotise                Necr           20%        1d5       12%         1
 Summon Small Mammal      Summ           20%        N/A       12%         1
 Sublimation of Blood     Necr           5%         N/A       19%         2
 Spider Form              Tmut/Pois      10%        N/A       24%         3
 Hailstorm                Conj/Ice       16%        3d6       41%         4
 Petrify                  Tmut/Erth      15%        N/A       45%         4
 Yara's Violent Unravell  Hex/Tmut       10%        3d6       63%         5
 Corpse Rot               Necr/Pois/Air  5%         N/A       77%         4
 Dispel Undead            Necr           5%         3d7       77%         4
 Irradiate                Conj/Tmut      7%         3d14      80%         5
 Death Channel            Necr           2%         N/A       100%        6
 Enfeeble                 Hex            13%        N/A       100%        7


Dungeon Overview and Level Annotations

Branches:
Dungeon (8/15)             Temple (0/1) D:5          Bailey (visited)
   Lair: D:8-11

Altars:
Jiyva
Lugonu

Annotations:
D:3 2 transporters, Bediveer's ghost, amateur DsAK


Innate Abilities, Weirdness & Mutations

You have razor-sharp teeth.
Your natural rate of healing is unusually fast.
When hurt, damage is shared between your health and your magic reserves.
Your bite disrupts and absorbs the magic of your enemies.
Potions cannot restore your health.


Message History

Okay, then.
There is a large open door here.
There is a large open door here.
There is an open door here.
There is a fountain of clear blue water here.
There is a gate leading back out of this place here.
Welcome back to the Dungeon!
The killer bee buzzes angrily. x3
There is an empty arch of ancient stone here.
As you read the scroll of teleportation, it crumbles to dust.
You feel strangely unstable. The jelly barely misses you. The jelly misses you.
The killer bee barely misses you.
The killer bee stings you but does no damage.
The jelly hits you. The acid corrodes you!
You are splashed with acid!
The jelly closely misses you. The killer bee barely misses you.
The killer bee stings you!
You see here a +0 halberd.
You slash the jelly! You burn the jelly.
Your hands burn!
The jelly is severely wounded.
The killer bee stings you. x2; The killer bee misses you.
The killer bee closely misses you. The killer bee barely misses you. x3
The killer bee stings you but does no damage.
The killer bee barely misses you. The jelly hits you.
You are splashed with acid!
The jelly closely misses you. The killer bee closely misses you.
The killer bee stings you!
The killer bee stings you but does no damage.
The killer bee stings you!
* * * LOW HITPOINT WARNING * * *
The killer bee stings you.
* * * LOW HITPOINT WARNING * * *
The jelly hits you.
You are splashed with acid!
* * * LOW HITPOINT WARNING * * *
The jelly misses you. The orc priest barely misses you.
Unknown command.
Okay, then.
Okay, then.
You fade into invisibility!
The killer bee barely misses you. The killer bee closely misses you.
The killer bee misses you. The killer bee stings you!
You die...

.,,,,,,,,,,,,,,,,,,,*,,,**
.,,,,,,,,,,..............*
.,,,,,,,,,,*......#.....#*
.,,,,,,,*.***.....#.....*
..,,,,,.##.*##!.......##**
...,,......##..........#,**
...,,#.>.#.............#.,**
...,,#..(#.....yJy.......,,**
...............J@yJ......,,,**
#*....##......Joyy.......,,,,*
#*#...##........y.....!..,,,**
###....................##****
$#.................##...#*
.#..............##.#*....**
............##.##,...,...,*
{..................#..*..**
.o......../#......,,..*,,*


You could see 4 jellies, 6 killer bees and an orc priest (unable to see you).

Vanquished Creatures
  A harpy (shapeshifter) (D:3)
  The ghost of ShadowTiger the Twirler, an amateur DsGl of Qazlal (D:4)
  A wyvern (D:6)
  An ice beast (D:6)
  2 orc warriors (Bailey)
  A sky beast (D:4)
  A black bear (D:6)
  An ogre (D:5)
  A phantom (D:5)
  A kobold brigand (D:6)
  2 bullfrogs (D:6)
  A scorpion (D:6)
  A jelly (D:5)
  4 hounds
  5 iguanas
  2 orc wizards
  A gnoll (D:5)
  2 adders
  A shadow imp (D:6)
  2 white imps
  An ufetubus (D:5)
  2 worms (D:2)
  A dart slug (D:1)
  17 orcs
  6 endoplasms
  A giant cockroach (D:1)
  7 goblins
  5 hobgoblins
  7 kobolds
  5 quokkas
  8 ball pythons
  4 bats
  2 frilled lizards
  3 rats
101 creatures vanquished.

Vanquished Creatures (collateral kills)
  An orc warrior (Bailey)
  6 orcs
  A kobold (D:2)
8 creatures vanquished.

Vanquished Creatures (others)
  A dancing weapon (D:5)
  An orc (D:8)
  2 withered plants (D:4)
4 creatures vanquished.

Grand Total: 113 creatures vanquished

Notes
Turn   | Place    | Note
-------+----------+-------------------------------------------
     0 | D:1      | DroidAssault the Vine Stalker Enchanter began the quest for
                  | the Orb.
     0 | D:1      | Reached XP level 1. HP: 9/9 MP: 4/4
   308 | D:1      | Reached XP level 2. HP: 13/13 MP: 6/6
   323 | D:1      | Reached skill level 1 in Short Blades
   382 | D:1      | Learned a level 2 spell: Ensorcelled Hibernation
   856 | D:2      | Reached XP level 3. HP: 13/17 MP: 4/7
   860 | D:2      | Learned a level 3 spell: Tukima's Dance
  1101 | D:2      | Found a faded altar of an unknown god.
  1105 | D:2      | Prayed at the altar of an unknown god.
  1105 | D:2      | Became a worshipper of Lugonu the Unformed
  1105 | D:2      | Reached * piety under Lugonu
  1105 | D:2      | Reached ** piety under Lugonu
  1205 | D:2      | Identified the +7 dagger of Haxuitef {antimagic, rF++
                  | Int-5}
  1264 | D:2      | Reached skill level 4 in Stealth
  2937 | D:3      | Found a transporter.
  2997 | D:3      | Noticed a shapeshifter
  2997 | D:3      | an orc changed into a shapeshifter
  2997 | D:3      | Noticed a human
  2997 | D:3      | a shapeshifter changed into a human
  2998 | D:3      | Noticed a shapeshifter
  2998 | D:3      | a human changed into a shapeshifter
  2999 | D:3      | Noticed a harpy
  2999 | D:3      | a shapeshifter changed into a harpy
  3003 | D:3      | Killed a harpy
  3004 | D:3      | Reached skill level 1 in Fighting
  3004 | D:3      | Reached skill level 1 in Armour
  3004 | D:3      | Reached skill level 5 in Stealth
  3004 | D:3      | Reached skill level 1 in Ice Magic
  3004 | D:3      | Reached skill level 1 in Invocations
  3004 | D:3      | Reached skill level 1 in Evocations
  3004 | D:3      | Gained mutation: Your natural rate of healing is unusually
                  | fast. [Vine Stalker growth]
  3004 | D:3      | Reached XP level 4. HP: 4/22 MP: 2/9
  3004 | D:3      | Reached XP level 5. HP: 5/25 MP: 2/10
  3004 | D:3      | Reached XP level 6. HP: 6/30 MP: 2/11
  3004 | D:3      | Reached XP level 7. HP: 7/33 MP: 2/12
  3059 | D:3      | Learned a level 3 spell: Stone Arrow
  3062 | D:3      | Learned a level 2 spell: Wereblood
  3153 | D:3      | Found a transporter.
  3252 | D:3      | Noticed Bediveer's ghost (amateur DsAK)
  4634 | D:4      | Found a runed translucent door.
  4635 | D:4      | Noticed ShadowTiger's ghost (amateur DsGl)
  4789 | D:4      | Killed ShadowTiger's ghost
  4797 | D:4      | Identified the +4 scale mail of the Nightingale {rF- rN+
                  | MP+9 Int+3}
  4885 | D:5      | Entered Level 5 of the Dungeon
  4928 | D:5      | Reached skill level 6 in Stealth
  5019 | D:5      | Reached skill level 1 in Transmutations
  5019 | D:5      | Gained mutation: You have razor-sharp teeth. [Vine Stalker
                  | growth]
  5019 | D:5      | Reached XP level 8. HP: 38/38 MP: 8/14
  5040 | D:5      | Learned a level 3 spell: Frozen Ramparts
  5134 | D:5      | Found a staircase to the Ecumenical Temple.
  5350 | D:5      | Reached skill level 1 in Conjurations
  5350 | D:5      | Reached skill level 1 in Earth Magic
  5510 | D:5      | Reached *** piety under Lugonu
  6043 | D:6      | Noticed a wyvern
  6050 | D:6      | Killed a wyvern
  6066 | D:6      | Reached XP level 9. HP: 43/43 MP: 16/16
  6121 | D:6      | Reached skill level 7 in Stealth
  6249 | D:6      | Reached skill level 1 in Throwing
  6654 | D:7      | You fall into a shaft and drop 1 floor!
  6716 | D:8      | Found a viscous altar of Jiyva.
  6723 | D:8      | Found a flagged portal.
  6732 | Bailey   | Entered a bailey
  6934 | Bailey   | Identified the +4 long sword of the End {flame, *Noise
                  | Int+6 Dex+9}
  7116 | D:8      | HP: 2/43 [acid (5)]
  7117 | D:8      | Slain by a killer bee

Illustrated notes

Levels and vault maps discovered:
D:1:      minmay_arrival_arboretum_large, layout_loops_ring
D:2:      layout_basic, shapermc_ecumenical_altar_mp_vishouse
D:3:      layout_loops_cross, gammafunk_ghost_stat_death
D:4:      layout_basic, gammafunk_ghost_grave
D:5:      layout_gridville, minmay_temple_entry_tees, cheibrodos_gnoll_hut
D:6:      layout_basic
D:7:      layout_rooms
D:8:      layout_cave_pools, trog_ov_bears_minmay, enter_bailey_2, jiyva_altar_1

Skill      XL: |  1  2  3  4  5  6  7  8  9 |
---------------+----------------------------+-----
Short Blades   | 1 2 3 |  3.2
Stealth        | 5 6 7 |  7.2
Fighting       | 1 2 |  2.6
Armour         | 1 2 |  2.6
Dodging        | 2 |  2.8
Spellcasting   | 3 4 |  4.4
Ice Magic      | 1 2 |  2.6
Invocations    | 1 2 |  2.9
Evocations     | 1 2 |  2.4
Hexes          | 4 |  4.6
Transmutations | 1 2 |  2.2
Conjurations   | 1 2 |  2.1
Earth Magic    | 1 2 |  2.1
Throwing       | 1 |  1.2

Action                   |  1- 3 |  4- 6 |  7- 9 || total
-------------------------+-------+-------+-------++-------
Melee: Dagger            |    98 |       |   139 ||   237
       Bite              |    24 |       |    39 ||    63
       Punch             |     2 |       |     1 ||     3
       Long sword        |       |       |     1 ||     1
 Cast: Ensorcelled Hiber |    18 |       |    31 ||    49
       Tukima's Dance    |     2 |       |    17 ||    19
       Stone Arrow       |       |       |    16 ||    16
       Wereblood         |       |       |     2 ||     2
Evoke: Wand              |     1 |       |     9 ||    10
  Use: Scroll            |     8 |       |     9 ||    17
       Potion            |       |       |     4 ||     4
 Stab: Sleeping          |    20 |       |    29 ||    49
Armor: Robe              |    19 |       |    22 ||    41
       Leather armour    |       |       |    21 ||    21
Dodge: Dodged            |    62 |       |   144 ||   206
